Map: Kairos Junction LE

Players

Magnifico - Winner!

  • Race: Terran Terran
  • League: Platinum
  • Spawn Location: 11:00

Mesrob

  • Race: Terran Terran
  • League: Platinum
  • Spawn Location: 5:00

VOD

Have the link to the VOD?

Description

Time

  • Played on: Feb. 1, 2019, 12:50 p.m.
  • Length: 5:25
Show
View Real Time Build Order
Export as new Build Order

Magnifico Terran - Winner!

Build Orders: 1/1/1 

Get SALT Encoding   

  12  0:00  SCV  
  13  0:13  SCV  
  14  0:18  Supply Depot  
  14  0:25  Refinery  
  14  0:29  SCV  
  15  0:43  SCV  
  16  0:50  Barracks  
  16  0:55  SCV  
  17  1:07  SCV  
  18  1:18  Refinery  
  18  1:19  SCV  
  19  1:31  SCV  
  20  1:39  Factory  
  20  1:45  Supply Depot  
  20  1:46  Barracks Reactor  
  20  1:50  SCV  
  21  2:06  Orbital Command  
  21  2:22  Marine x2  
  23  2:24  Starport, Factory Tech Lab  
  23  2:32  SCV  
  23  2:36  Supply Depot  
  24  2:42  Marine x2  
  26  2:50  Siege Tank  
  29  2:54  SCV  
  30  3:02  Starport Reactor  
  30  3:07  Marine x2  
  32  3:17  Supply Depot  
  32  3:23  Siege Tank  
  32  3:26  Marine x2  
  37  3:43  Medivac x2  
  41  3:58  Command Center  
  41  4:10  Marine x2  
  41  4:15  Siege Tank  
  46  4:26  Engineering Bay  
  46  4:28  SCV  
  47  4:37  Medivac  
  49  4:42  Marine x2  
  51  5:00  Marine x2  
  51  5:06  Missile Turret  
Show
View Real Time Build Order
Export as new Build Order

Mesrob Terran 

Build Orders: Mech 

Get SALT Encoding   

  12  0:00  SCV  
  13  0:13  SCV  
  14  0:17  Supply Depot  
  14  0:25  SCV  
  15  0:39  Barracks, SCV  
  16  0:45  Refinery  
  16  0:51  SCV  
  17  1:03  SCV  
  18  1:15  SCV  
  19  1:27  Marine  
  19  1:30  Orbital Command  
  20  1:47  Command Center  
  20  1:57  SCV  
  21  2:02  Bunker  
  21  2:08  Factory  
  21  2:16  Barracks Tech Lab  
  21  2:21  SCV  
  22  2:29  Refinery  
  22  2:31  Supply Depot  
  22  2:33  SCV  
  22  2:35  Supply Depot  
  23  2:53  SCV  
  23  2:56  Engineering Bay  
  24  3:02  Marine  
  24  3:05  SCV  
  26  3:06  Siege Tank  
  26  3:08  Orbital Command  
  29  3:17  SCV  
  30  3:27  Missile Turret  
  30  3:29  SCV  
  30  3:31  Marine  
  32  3:35  Missile Turret  
  32  3:38  Siege Tank, SCV  
  36  3:53  Refinery  
  36  3:55  Refinery  
  36  3:56  SCV x2  
  38  4:05  Factory  
  38  4:07  Factory  
  38  4:08  SCV  
  39  4:13  Armory  
  39  4:18  Supply Depot  
  39  4:20  SCV  
  39  4:21  SCV  
  41  4:27  Siege Tank  
  44  4:35  SCV  
  45  4:49  Command Center  
  45  4:54  SCV  
  45  4:55  SCV  
  45  4:58  Factory Reactor x2  
Tags
 
Composition
Mech
Matchup
TvT
Opening
1/1/1
Race
Terran
Replay Pack
sc2 replays
Spawn Locations
Cross Positions
Add a new tag
Caveats
  • Supply blocks, unpowered buildings, or Contaminate may cause inaccurate times.
  • Supply counts are checked every 10 seconds.